AoeStats
← Jarom

African Clearing

506399120Analyzed
4v4 RM · 19d ago on Sep 13, 2026· 46m 21s· 8 players
Game mode
Random Map
Map size
Large (8 player)
Population
200
Speed
Normal
Resources
Standard
Victory
Conquest
Starting age
Dark Age
Ending age
Imperial Age
RankedLock teamsTeams togetherTeam positionsShared explorationLock speedFull tech treeHidden civsTurbo modeCheats
Victory
Defeat
🇬🇧 Mongols · United Kingdom
1516
+13
🇪🇸 Chinese · Spain
1483
+14
🇩🇪 Bengalis · Germany
1467
+15
🇦🇹 Sicilians · Austria
1452
+15
🇪🇸 Vietnamese · Spain
1534
-19
🇹🇼 Chinese · Taiwan
1486
-16
🇭🇰 Mongols · Hong Kong SAR China
1371
-11
🇧🇷 Persians · Brazil
1361
-11
Jarom
12:38 Feudal Age
16:15 Castle Age
15:42 Double-Bit Axe
16:06 Loom
18:50 Town Watch
24:44 Bow Saw
24:50 Horse Collar
27:22 Fletching
31:44 Wheelbarrow
32:23 Heavy Plow
33:46 Hand Cart
38:09 Imperial Age
35:43 Padded Archer Armor
35:39 Bodkin Arrow
36:12 Gold Mining
36:12 Stone Mining
36:53 Leather Archer Armor
37:38 Ballistics
38:55 Bracer
39:26 Ring Archer Armor
39:57 Chemistry
39:00 Elite Elephant Archer
40:16 Scale Barding Armor
40:12 Husbandry
40:23 Bloodlines
40:38 Conscription
40:39 Siege Elephant
41:57 Chain Barding Armor
42:04 Paiks
44:54 Masonry
TheIsamel
2:55 Loom
11:21 Feudal Age
11:53 Double-Bit Axe
13:00 Fletching
16:16 Padded Archer Armor
21:22 Castle Age
19:53 Gold Mining
21:41 Crossbowman
22:32 Bodkin Arrow
32:23 Horse Collar
34:04 Heavy Plow
34:47 Stone Mining
38:55 Wheelbarrow
42:40 Imperial Age
40:42 Thumb Ring
41:27 Leather Archer Armor
41:53 Ballistics
43:23 Bracer
44:28 Chemistry
44:35 Ring Archer Armor
44:29 Masonry
44:45 Conscription
44:18 Elite Chu Ko Nu
44:45 Capped Ram
45:49 Siege Ram
45:55 Spies/Treason
Roba
11:27 Feudal Age
12:13 Double-Bit Axe
12:17 Loom
12:42 Town Watch
17:22 Castle Age
17:02 Bloodlines
17:28 Light Cavalry
18:24 Bow Saw
19:11 Horse Collar
24:27 Fervor
27:35 Wheelbarrow
27:40 Heavy Plow
30:07 Fletching
30:42 Scale Barding Armor
30:38 Husbandry
31:43 Ballistics
31:46 Bodkin Arrow
32:21 Padded Archer Armor
37:01 Imperial Age
34:53 Hand Cart
35:26 Thumb Ring
35:37 Leather Archer Armor
35:44 Gold Mining
35:48 Stone Mining
38:04 Bracer
39:06 Chemistry
38:51 Masonry
38:05 Elite Mangudai
39:13 Conscription
39:37 Parthian Tactics
40:47 Hoardings
40:30 Murder Holes
42:04 Conscription
42:17 Hussar
43:18 Chain Barding Armor
43:08 Forging
46:11 Gold Shaft Mining
46:12 Stone Shaft Mining
46:17 Iron Casting
46:06 Capped Ram
Mike Hawks Magic
6:53 Loom
13:57 Feudal Age
21:41 Castle Age
20:03 Scale Barding Armor
20:45 Double-Bit Axe
21:26 Bloodlines
21:29 Horse Collar
31:30 Husbandry
33:03 Chain Barding Armor
33:40 Forging
35:29 Heavy Plow
35:33 Stone Mining
35:33 Gold Mining
36:25 Bow Saw
36:55 Iron Casting
39:20 Scale Mail Armor
40:45 Fletching
41:27 Bodkin Arrow
41:59 Ballistics
44:35 Imperial Age
42:48 Wheelbarrow
43:09 Murder Holes
45:29 Chain Mail Armor
45:14 Town Watch
King of Puchi
10:24 Loom
13:27 Feudal Age
14:03 Double-Bit Axe
13:59 Horse Collar
15:11 Fletching
16:31 Padded Archer Armor
19:30 Town Watch
20:36 Wheelbarrow
30:33 Castle Age
31:16 Bodkin Arrow
JR91
3:15 Loom
13:33 Feudal Age
15:29 Double-Bit Axe
17:56 Castle Age
17:29 Horse Collar
19:22 Bow Saw
19:32 Heavy Plow
26:09 Wheelbarrow
26:11 Husbandry
27:04 Gold Mining
27:34 Bloodlines
30:17 Scale Barding Armor
31:09 Forging
31:59 Chain Barding Armor
32:17 Devotion
36:32 Imperial Age
35:39 Iron Casting
36:17 Gold Shaft Mining
36:11 Cavalier
37:39 Plate Barding Armor
38:06 Blast Furnace
38:10 Savar
39:24 Conscription
45:04 Light Cavalry
沒起房子我日
3:19 Loom
11:31 Feudal Age
13:16 Double-Bit Axe
13:37 Horse Collar
15:46 Scale Barding Armor
19:40 Wheelbarrow
19:23 Forging
22:56 Castle Age
21:25 Bloodlines
21:35 Stone Mining
23:02 Light Cavalry
23:42 Husbandry
24:55 Bow Saw
24:53 Town Watch
27:38 Fletching
30:02 Heavy Plow
29:56 Gold Mining
31:04 Bodkin Arrow
31:12 Padded Archer Armor
36:44 Imperial Age
34:41 Scale Mail Armor
35:16 Iron Casting
35:36 Gold Shaft Mining
35:33 Squires
35:50 Chain Mail Armor
38:31 Plate Mail Armor
38:23 Conscription
37:30 Elite Fire Lancer
40:34 Blast Furnace
40:27 Hand Cart
42:37 Stone Shaft Mining
43:06 Arson
44:30 Bracer
ocheda
5:22 Loom
13:21 Feudal Age
18:51 Castle Age
17:38 Forging
22:50 Bloodlines
46:22 Wheelbarrow
Connection lost

Rejoining the realm…

Still unreachable

The connection could not be restored.

Session expired

The server has moved on; the page needs a fresh start.